 Dungeon Crawl Stone Soup version 0.25-a0-1113-g0499d652a8 (webtiles) character file.

Game seed: 17162709445907142304, levelgen mode: deterministic

3 Esekla the Magician (level 1, -3/11 HPs)
             Began as an Octopode Wizard on May 16, 2020.
             Was an Initiate of Vehumet.
             Slain by a gnoll (5 damage)
             ... on level 3 of the Dungeon.
             The game lasted 00:03:01 (307 turns).

Esekla the Magician (Octopode Wizard)                Turns: 307, Time: 00:03:01

Health: -3/11      AC:  1    Str:  6    XL:     1   Next: 50%
Magic:  4/4        EV: 13    Int: 20    God:    Vehumet [......]
Gold:   66         SH:  0    Dex: 10    Spells: 5/6 levels left

rFire    . . .     SeeInvis .   b - -1 dagger (curse)
rCold    + . .     Gourm    .   (no shield)
rNeg     . . .     Faith    .   a - +0 hat
rPois    .         Spirit   .   (no amulet)
rElec    .         Reflect  .   d - ring of protection from cold
rCorr    .         Harm     .   (no ring)
MR       .....                  (no ring)
Stlth    +++.......             (no ring)
HPRegen  0.03/turn              (no ring)
MPRegen  0.09/turn              (no ring)
                                (no ring)
                                (no ring)

@: no status effects
A: almost no armour, stealthy swim, amphibious, 8 rings, constrict 8, camouflage
1, gelatinous body 1
a: Renounce Religion


You were on level 3 of the Dungeon.
You worshipped Vehumet.
Vehumet was noncommittal.
You were not hungry.

You visited 1 branch of the dungeon, and saw 3 of its levels.

You collected 66 gold pieces.

Inventory:

Hand Weapons
 b - a cursed -1 dagger (weapon)
Armour
 a - a +0 hat (worn)
Jewellery
 d - a ring of protection from cold (left tentacle)
Scrolls
 g - a scroll of magic mapping {unknown}
 h - a scroll of blinking {unknown}
Potions
 e - a potion of lignification {unknown}
 f - a potion of ambrosia {unknown}
Comestibles
 c - a ration


   Skills:
 + Level 2.0 Dodging
 - Level 2.6 Stealth
 * Level 3.1 Spellcasting
 * Level 1.1 Conjurations
   Level 1.0 Summonings
   Level 1.0 Translocations


You had 5 spell levels left.
You knew the following spells:

 Your Spells              Type           Power        Failure   Level  Hunger
a - Magic Dart            Conj           #...         9%          1    None

Your spell library contained the following spells:

 Spells                   Type           Power        Failure   Level  Hunger
 Blink                    Tloc           N/A          14%         2    ##.....
 Call Imp                 Summ           #.......     14%         2    ##.....
 Slow                     Hex            #.......     22%         2    ##.....
 Conjure Flame            Conj/Fire      #.......     32%         3    ###....
 Mephitic Cloud           Conj/Pois/Air  #.......     34%         3    ###....


Dungeon Overview and Level Annotations

Branches:
Dungeon (3/15)

Altars:
Vehumet


Innate Abilities, Weirdness & Mutations

You cannot wear most types of armour.
You are very stealthy in the water. (Stealth+)
You are amphibious.
You can wear up to eight rings at the same time.
You can use your tentacles to constrict eight enemies at once.
Your skin changes colour to match your surroundings (Stealth+).
Your rubbery body absorbs attacks. (AC +1, EV +1)


Message History

The gnoll shouts!
You hear a shout! x2
Found 12 gold pieces.
A gnoll comes into view. It is wielding a +0 spear.
A gnoll comes into view.
The gnoll shouts!
You hear a shout!
A gnoll comes into view.
The rat misses you.
You see here a scroll labeled ENIOKO WAUL.
h - a scroll labeled ENIOKO WAUL The rat bites you.
The gnoll hits you!
Ouch! That really hurt!
* * * LOW HITPOINT WARNING * * *
A water moccasin skeleton comes into view.
The bat closely misses you.
There is a radiant altar of Vehumet here.
You curl up in front of the altar of Vehumet.
Vehumet welcomes you! The bat barely misses you. The gnoll hits you.
You die...

##############
#............#
#............#
####............#
.........r......#
........b.......# ###
......#.#.......######..
.......@gr......+.......
Z...$.#.#.g.....# #.....
##### #..........##.....
####..g....##.....
#.......#####..
#.g.....# ### #.......#
#### #.......# #...
........# #.##


You could see 3 gnolls, a bat, 2 rats and a water moccasin skeleton (dormant).

Vanquished Creatures
  2 goblins
  A rat (D:1)
3 creatures vanquished.

Notes
Turn   | Place    | Note
-------+----------+-------------------------------------------
     0 | D:1      | Esekla the Octopode Wizard began the quest for the Orb.
     0 | D:1      | Reached XP level 1. HP: 11/11 MP: 4/4
   295 | D:3      | Found a radiant altar of Vehumet.
   307 | D:3      | Became a worshipper of Vehumet
   307 | D:3      | Slain by a gnoll

Illustrated notes

Levels and vault maps discovered:
D:1:      ncdulo_watergridlock, layout_loops_ring
D:2:      layout_loops_cross, lemuel_coloured_pillars_altar,
          chequers_ecumenical_altar_simple
D:3:      layout_basic, lemuel_crystal_altar, nicolae_gozag_seed_capital

Action                   || total
-------------------------++-------
Melee: Dagger            ||     1
 Cast: Magic Dart        ||     3
  Use: Scroll            ||     2
 Stab: Sleeping          ||     1
Dodge: Dodged            ||     4

Table legend:
 A = Non-vault XP
 B = Vault XP
 C = Vault XP percentage of total XP
 D = Non-vault monster count
 E = Vault monster count
 F = Vault count percentage of total count
                 A         B        C        D         E       F
            +---------+---------+-------+---------+---------+-------
      Total |       5 |       0 |   0.0 |       3 |       0 |   0.0
            +---------+---------+-------+---------+---------+-------
        D:1 |       3 |       0 |   0.0 |       2 |       0 |   0.0
        D:3 |       2 |       0 |   0.0 |       1 |       0 |   0.0
            +---------+---------+-------+---------+---------+-------
